Map: Altitude LE

Players

PLAyDoCaize

  • Race: Zerg Zerg
  • League: Platinum
  • Spawn Location: 1:00

Apeiron - Winner!

  • Race: Zerg Zerg
  • League: Diamond
  • Spawn Location: 7:00

VOD

Have the link to the VOD?

Description

Time

  • Played on: March 26, 2023, 10:44 p.m.
  • Length: 15:18
Show
View Real Time Build Order
Export as new Build Order

PLAyDoCaize Zerg 

Build Orders: Hatch First 

Get SALT Encoding   

  12  0:02  Drone  
  13  0:12  Overlord  
  13  0:17  Drone  
  14  0:34  Drone x2  
  14  0:35  Drone  
  17  0:55  Hatchery  
  16  0:58  Drone  
  17  1:07  Drone  
  17  1:08  Drone  
  19  1:22  Spawning Pool  
  19  1:24  Drone  
  19  1:38  Drone  
  20  1:48  Overlord  
  20  2:10  Queen x2  
  20  2:11  Zergling x2  
  20  2:12  Zergling x2  
  20  2:14  Drone x2  
  28  2:18  Drone  
  29  2:23  Drone  
  30  2:32  Overlord  
  31  2:37  Drone  
  31  2:40  Drone  
  32  2:45  Queen  
  32  2:50  Drone  
  35  2:51  Drone  
  35  2:57  Spine Crawler  
  35  2:59  Extractor x2  
  35  3:00  Drone  
  35  3:03  Drone  
  35  3:06  Overlord  
  35  3:10  Queen  
  35  3:11  Drone  
  38  3:16  Drone  
  39  3:21  Drone x5  
  44  3:32  Drone x3  
  47  3:39  Evolution Chamber  
  47  3:41  Evolution Chamber, Drone  
  47  3:42  Roach Warren  
  47  3:47  Drone  
  47  3:48  Extractor  
  45  3:52  Lair  
  45  4:07  Drone x7  
  52  4:12  Zerg Missile Weapons Level 1  
  52  4:13  Overlord  
  52  4:25  Overlord  
  52  4:31  Overlord  
  52  4:33  Overlord  
  52  4:35  Overlord  
  52  4:36  Roach x3  
  58  4:45  Roach x3  
  66  4:52  Roach  
  66  4:56  Glial Reconstitution  
  66  5:02  Roach  
  66  5:03  Roach x4  
  76  5:08  Roach  
  76  5:09  Roach  
  80  5:21  Roach x3  
  86  5:36  Hatchery, Roach x3  
  86  5:39  Overlord  
  86  5:40  Overlord  
  86  5:42  Overlord x2  
  90  5:53  Overlord  
  90  5:54  Overlord x2  
  89  6:12  Roach  
  89  6:13  Roach x7  
  85  6:28  Drone x4  
  85  6:32  Zerg Missile Weapons Level 2  
  89  6:38  Hydralisk Den  
  88  6:41  Roach  
  88  6:42  Roach x4  
  96  7:00  Drone x7  
  103  7:17  Queen  
  105  7:23  Drone x8  
  105  7:26  Grooved Spines  
  113  7:31  Extractor x2, Drone  
  112  7:43  Overlord x3  
  112  7:57  Drone x3  
  115  7:59  Extractor  
  115  8:01  Overlord x4  
  114  8:06  Drone x4  
  118  8:20  Hydralisk  
  118  8:21  Hydralisk x8  
  136  8:29  Hatchery  
  136  8:30  Roach x4  
  143  8:35  Roach x3  
  143  8:37  Muscular Augments  
  149  8:45  Roach  
  149  8:46  Roach x2  
  133  8:49  Queen  
  119  8:56  Roach x6  
  111  9:07  Roach x6  
  101  9:20  Roach x7  
  97  9:35  Roach x8  
  90  9:47  Roach x5  
  93  9:58  Roach x5  
  93  9:59  Roach  
  101  10:06  Roach  
  89  10:12  Roach  
  89  10:13  Roach x3  
  89  10:14  Queen  
  89  10:19  Roach  
  89  10:20  Roach x2  
  91  10:27  Roach  
  91  10:28  Roach x3  
  93  10:43  Queen  
  93  10:44  Hydralisk  
  93  10:45  Hydralisk x3  
  103  11:01  Hydralisk x6  
  115  11:16  Hydralisk  
  115  11:17  Hydralisk x4  
  125  11:29  Hydralisk  
  125  11:30  Hydralisk x3  
  133  11:55  Roach x11  
  153  12:08  Roach x5  
  117  12:19  Roach  
  117  12:20  Roach x3  
  105  12:36  Extractor  
  104  12:45  Roach x7  
  104  12:46  Roach  
  120  12:53  Roach x4  
  128  12:59  Hydralisk x3  
  134  13:09  Zerg Ground Armor Level 1  
  134  13:13  Infestation Pit  
  134  13:15  Hydralisk x4  
  134  13:16  Hydralisk x4  
  149  13:24  Drone x4  
  149  13:27  Queen  
  149  13:45  Lurker Den  
  146  14:01  Overseer x5  
  136  14:17  Overlord  
  136  14:19  Roach x15  
  144  14:34  Roach x4  
  144  14:35  Roach x3  
  124  14:45  Hydralisk  
  124  14:46  Hydralisk x4  
  126  14:56  Roach x3  
  126  14:57  Roach  
Show
View Real Time Build Order
Export as new Build Order

Apeiron Zerg - Winner!

Build Orders: Hatch First, Lurkers 

Get SALT Encoding   

  12  0:00  Drone  
  13  0:12  Overlord  
  13  0:17  Drone  
  14  0:30  Drone x2  
  16  0:36  Drone  
  17  0:52  Hatchery  
  17  0:56  Drone  
  17  1:11  Spawning Pool  
  17  1:13  Drone  
  17  1:16  Drone  
  18  1:20  Drone  
  19  1:28  Overlord  
  19  1:40  Drone  
  20  2:01  Queen  
  20  2:02  Zergling x4  
  20  2:04  Queen  
  20  2:05  Zergling x2  
  27  2:11  Drone  
  28  2:16  Drone  
  28  2:22  Drone  
  30  2:26  Drone  
  31  2:32  Overlord  
  31  2:38  Drone  
  31  2:43  Overlord  
  32  2:48  Drone  
  33  2:54  Drone  
  34  3:02  Evolution Chamber  
  34  3:03  Roach Warren, Queen  
  34  3:05  Evolution Chamber  
  34  3:07  Drone x2  
  34  3:09  Drone  
  34  3:10  Drone x3  
  34  3:12  Drone x3  
  42  3:17  Overlord  
  42  3:22  Drone  
  43  3:30  Extractor x2  
  41  3:36  Spine Crawler, Drone x2  
  41  3:38  Drone  
  43  3:45  Drone  
  43  3:46  Drone x3  
  47  3:57  Drone  
  47  3:58  Extractor, Drone x2  
  47  4:00  Drone  
  47  4:02  Overlord  
  50  4:17  Overlord x3  
  50  4:20  Zerg Missile Weapons Level 1  
  50  4:26  Roach  
  50  4:29  Overlord x2  
  58  4:38  Roach x3  
  58  4:49  Drone x2  
  60  4:56  Spine Crawler  
  60  4:57  Lair  
  60  4:58  Hatchery  
  58  5:02  Roach x4  
  66  5:16  Roach x4  
  66  5:18  Overlord  
  74  5:23  Drone x3  
  74  5:24  Extractor  
  74  5:28  Roach x3  
  82  5:37  Roach  
  82  5:38  Roach x3  
  90  5:48  Roach x3  
  96  6:03  Glial Reconstitution  
  96  6:07  Roach x4  
  102  6:13  Roach x3  
  102  6:16  Queen  
  99  6:20  Roach  
  99  6:21  Roach x2  
  101  6:33  Zerg Missile Weapons Level 2  
  101  6:34  Zergling x8  
  101  6:39  Drone  
  102  7:00  Roach x4  
  106  7:03  Hatchery  
  106  7:05  Hatchery  
  98  7:13  Roach x5  
  108  7:22  Zerg Ground Armor Level 1  
  108  7:25  Roach x2  
  112  7:39  Infestation Pit  
  112  7:41  Hydralisk Den  
  112  7:42  Roach x3  
  116  7:44  Overlord  
  116  7:47  Overlord  
  116  7:54  Drone x3  
  119  8:02  Roach  
  119  8:03  Overlord  
  119  8:04  Overlord  
  121  8:20  Hive  
  121  8:29  Roach  
  121  8:30  Roach x5  
  130  8:43  Roach x2  
  130  8:44  Roach x3  
  129  8:49  Drone x4  
  121  8:58  Roach x3  
  111  9:07  Roach x3  
  109  9:15  Roach x3  
  105  9:21  Drone x4  
  107  9:25  Drone, Roach  
  106  9:42  Zerg Missile Weapons Level 3  
  104  9:48  Drone x2  
  104  9:49  Drone x7  
  113  9:59  Roach x4  
  101  10:09  Roach x5  
  101  10:20  Roach x5  
  107  10:29  Roach x6  
  107  10:34  Zerg Ground Armor Level 2  
  115  10:40  Muscular Augments  
  115  10:44  Drone  
  115  10:45  Drone x4  
  120  11:02  Infestor  
  120  11:03  Infestor  
  124  11:06  Hydralisk x3  
  124  11:09  Zergling x24  
  142  11:25  Roach  
  144  11:28  Extractor, Drone x8  
  144  11:30  Overlord x3  
  144  11:31  Extractor  
  150  11:41  Lurker Den  
  149  11:49  Zergling x32  
  149  11:51  Grooved Spines  
  157  12:02  Roach  
  157  12:03  Overlord x3  
  157  12:04  Overlord x2  
  139  12:13  Hydralisk x7  
  119  12:24  Hydralisk  
  119  12:25  Hydralisk x3, Roach x3  
  132  12:33  Metabolic Boost  
  126  12:46  Lurker  
  126  12:47  Zergling x4  
  126  12:48  Zergling x30  
  144  12:58  Drone  
  144  12:59  Extractor, Drone x3  
  144  13:00  Extractor  
  146  13:05  Drone  
  146  13:06  Drone x2  
  146  13:07  Drone x2  
  146  13:08  Drone x2  
  153  13:12  Extractor  
  153  13:13  Extractor  
  153  13:15  Roach x4  
  153  13:18  Overseer x3  
  159  13:25  Hydralisk x5  
  167  13:45  Hatchery  
  167  13:46  Extractor  
  165  13:50  Hydralisk x2  
  165  13:51  Hydralisk x7  
  183  13:56  Lurker  
  183  13:59  Overlord x3  
  184  14:18  Overlord x2  
  184  14:19  Lurker  
  184  14:20  Lurker x4  
  180  14:33  Zergling x24  
  153  14:55  Zergling x24  
Tags
 
Composition
Lurkers
Matchup
ZvZ
Race
Zerg
Spawn Locations
Cross Positions
Add a new tag
Caveats
  • Supply blocks, unpowered buildings, or Contaminate may cause inaccurate times.
  • Supply counts are checked every 10 seconds.